 Dungeon Crawl Stone Soup version 0.22.0-38-g04b72b8c25 (webtiles) character file.

10227 P0NYSLAYSTATION the Spear-Bearer (level 11, -2/85 HPs)
             Began as a Hill Orc Fighter on Aug 26, 2018.
             Was an Elder of Yredelemnul.
             Hit by a large rock thrown by a cyclops (31 damage)
             ... on level 11 of the Dungeon on Aug 27, 2018.
             The game lasted 00:52:21 (7916 turns).

P0NYSLAYSTATION the Spear-Bearer (Hill Orc Fighter) Turns: 7916, Time: 00:52:23

Health: -2/85      AC: 20    Str: 25    XL:     11   Next: 58%
Magic:  10/11      EV:  8    Int:  8    God:    Yredelemnul [****..]
Gold:   331        SH: 15    Dex: 18    Spells: 6/10 levels left

rFire    x . .     SeeInvis .   a - +7 trident
rCold    . . .     Gourm    .   c - +1 shield
rNeg     . . .     Faith    .   C - +7 chain mail of Mezcal {*Contam rF- Str+3 Dex+7}
rPois    +         Spirit   .   z - +0 helmet
rElec    .         Reflect  .   G - +1 cloak {rPois}
rCorr    .         Harm     +   (no gloves)
MR       .....                  (no boots)
Stlth    ..........             R - amulet of harm
HPRegen  0.24/turn              x - ring of poison resistance
MPRegen  0.12/turn              J - ring of stealth

@: no status effects
A: low mp 1
a: Recall Undead Slaves, Injury Mirror, Animate Dead, Drain Life, Renounce
Religion


You were on level 11 of the Dungeon.
You worshipped Yredelemnul.
Yredelemnul was greatly pleased with you.
You were not hungry.

You visited 2 branches of the dungeon, and saw 12 of its levels.

You collected 451 gold pieces.
You spent 120 gold pieces at shops.

Inventory:

Hand Weapons
 a - a +7 trident (weapon)
 g - a +3 dagger
 j - the +3 short sword of Oqeuliwi {pierce, *Contam Dex+4}
   (You took it off an orc warrior on level 6 of the Dungeon)

   It inflicts extra damage upon your enemies.
   It affects your dexterity (+4).
   It causes magical contamination when unequipped.
 r - a cursed -1 mace
 A - a +2 long sword of slicing
 H - a +3 falchion
 I - a +1 scimitar of flaming
 M - the +8 falchion of the Present {pain, rElec rF++ Int-3, unknown}
   (You found it on level 9 of the Dungeon)

   In the hands of one skilled in necromantic magic, it inflicts extra damage on
   living creatures.
   It affects your intelligence (-3).
   It greatly protects you from fire.
   It insulates you from electricity.
 V - a cursed -1 short sword
Missiles
 d - 7 javelins
 E - 23 tomahawks (quivered)
 P - an exploding tomahawk
Armour
 b - a +0 scale mail
 c - a +1 shield (worn)
 z - a +0 helmet (worn)
 C - the +7 chain mail of Mezcal (worn) {*Contam rF- Str+3 Dex+7}
   (You took it off an orc warrior on level 6 of the Dungeon)

   It affects your strength (+3).
   It affects your dexterity (+7).
   It makes you vulnerable to fire.
   It causes magical contamination when unequipped.
 G - a +1 cloak of poison resistance (worn)
Jewellery
 o - the ring of Balulawn {*Tele Int+2}
   (You found it on level 5 of the Dungeon)

   [ring of teleportation]

   It may teleport you next to monsters.
   It affects your intelligence (+2).
 x - a ring of poison resistance (left hand)
 J - a ring of stealth (right hand)
 R - an amulet of harm (around neck)
Wands
 y - a wand of random effects (29)
 B - a wand of acid (5)
 N - a wand of disintegration (24)
 U - a wand of flame (32)
Scrolls
 e - 2 scrolls of blinking
 h - 7 scrolls of remove curse
 i - 3 scrolls of fear
 l - 4 scrolls of amnesia
 n - 3 scrolls of magic mapping
 q - 4 scrolls of fog {unknown}
 t - 5 scrolls of teleportation
 v - a scroll of noise {unknown}
 w - a scroll of torment {unknown}
 T - a scroll of random uselessness {unknown}
Potions
 k - a potion of cancellation
 m - 3 potions of mutation
 p - a potion of might
 s - a potion of lignification {unknown}
 u - 2 potions of berserk rage
 D - 2 potions of agility {unknown}
 F - a potion of resistance {unknown}
 K - 5 potions of curing
 L - 2 potions of haste {unknown}
 O - 2 potions of magic {unknown}
 Q - a potion of heal wounds
Comestibles
 f - 21 rations
 S - 2 chunks of flesh


   Skills:
 - Level 4.9 Fighting
 - Level 14.3 Polearms
 - Level 4.6 Armour
 - Level 0.9 Dodging
 * Level 11.9 Shields
 + Level 1.9 Invocations


You had 6 spell levels left.
You knew the following spells:

 Your Spells              Type           Power        Failure   Level  Hunger
a - Song of Slaying       Chrm           #.......     99%         2    ###....
b - Shroud of Golubria    Chrm/Tloc      #.........   99%         2    ###....

Your spell library contained the following spells:

 Spells                   Type           Power        Failure   Level  Hunger
 Infusion                 Chrm           #...         99%         1    ##.....
 Shock                    Conj/Air       #...         99%         1    ##.....
 Swiftness                Chrm/Air       #.......     99%         2    ###....
 Regeneration             Chrm/Necr      #.........   100%        3    ####...
 Spectral Weapon          Hex/Chrm       #.......     100%        3    ####...
 Static Discharge         Conj/Air       #.......     100%        3    ####...
 Airstrike                Air            #.........   100%        4    #####..
 Lightning Bolt           Conj/Air       #.........   100%        5    ######.


Dungeon Overview and Level Annotations

Branches:
Dungeon (11/15)            Temple (1/1) D:5            Lair (0/6) D:9
    Orc (0/2) D:9

Altars:
Ashenzari
Cheibriados
Dithmenos
Elyvilon
Fedhas
Gozag
Hepliaklqana
Kikubaaqudgha
Makhleb
Nemelex Xobeh
Okawaru
Qazlal
Ru
Sif Muna
Trog
Uskayaw
Vehumet
Wu Jian
Xom
Yredelemnul
Zin
The Shining One
Beogh

Shops:
D:8 *   D:9 !


Innate Abilities, Weirdness & Mutations

Your magical capacity is low. (-10% MP)


Message History

A two-headed ogre comes into view.
It is wielding a giant club and a giant spiked club.
The two-headed ogre shouts in stereo!
You hear a shout!
You are too injured to fight recklessly!
A cyclops comes into view.
Attack whom?
Press: ? - help, Dir - move target cursor, f - cyclops
Aim: a cyclops You reach to attack!
You puncture the cyclops!
The cyclops is moderately wounded.
Attack whom?
Press: ? - help, Dir - move target cursor, f/p - cyclops
Aim: a cyclops (moderately wounded)
You could not reach far enough!
An adder comes into view.
Your flying skull hits the cyclops but does no damage.
The cyclops throws a large rock.
The large rock closely misses your flying skull.
The large rock hits you!!
You die...
Your body rises from the dead as a mindless zombie.

#. # #.# #. #.# #. #.#
#.### #####.# # #O...
...#.# ... .C.#
##.#.########
S...###z####.....ZZ(...#
#.....z@zzM...Z.######.#
.....$..zz...<###
#...###.###.#.# #.. #.#
#.#... # #.# ....###
#.#.....# #.....<..
###......# .....


You could see a two-headed ogre, a cyclops, an adder, 5 friendly flying skulls,
a friendly mummy, a friendly wight and a friendly cyclops zombie.

Vanquished Creatures
  Erica (D:8)
  A two-headed ogre (D:9)
  A cyclops (D:11)
  The ghost of philipeq the Caller, a novice DsSu of Sif Muna (D:7)
  4 trolls
  Grinder (D:5)
  Prince Ribbit (D:6)
  3 hippogriffs
  2 yaks (D:9)
  2 basilisks (D:9)
  A steam dragon (D:10)
  2 black bears (D:7)
  3 orc warriors
  3 porcupines (D:9)
  A sky beast (D:10)
  3 ice beasts
  2 phantoms
  2 ogres
  3 centaurs
  A big kobold (D:10)
  Blork the orc (D:6)
  3 bullfrogs
  5 scorpions
  A wight (D:8)
  9 killer bees
  8 howler monkeys
  A centaur zombie (D:9)
  2 quasits
  A crimson imp (D:7)
  3 jellies
  2 bullfrog zombies
  2 hounds (D:4)
  7 orc priests
  5 orc wizards
  A centaur skeleton (D:5)
  An iguana (D:5)
  Ijyb (D:3)
  5 worker ants
  2 hound zombies
  2 hound skeletons
  A mummy (D:8)
  2 howler monkey zombies (D:8)
  8 adders
  2 shadow imps (D:7)
  2 oozes
  2 worms
  2 adder skeletons
  A dart slug (D:4)
  4 leopard geckos
  27 orcs
  7 bats
  4 giant cockroaches
  6 goblins
  8 hobgoblins
  9 jackals
  8 kobolds
  4 quokkas
  2 ball pythons
  7 frilled lizards
  A quokka skeleton (D:8)
  4 rats
211 creatures vanquished.

Vanquished Creatures (collateral kills)
  Snorg (D:10)
  An ugly thing (D:10)
  A cyclops (D:11)
  3 yaks (D:9)
  A soldier ant (D:10)
  An orc warrior (D:7)
  A necrophage (D:8)
  A centaur (D:9)
  A crocodile (D:9)
  A bullfrog (D:9)
  A wyvern skeleton (D:10)
  4 killer bees
  A quasit (D:9)
  A jelly (D:10)
  A hound (D:10)
  A bullfrog skeleton (D:10)
  An iguana (D:9)
  A worker ant (D:4)
  A hound skeleton (D:11)
  A worker ant zombie (D:8)
  A leopard gecko (D:9)
  11 orcs
  2 jackals (D:4)
  A frilled lizard (D:3)
  2 plants
42 creatures vanquished.

Vanquished Creatures (others)
  A black bear zombie (D:7)
  An ogre zombie (D:7)
  A mummy (D:9)
  A howler monkey zombie (D:4)
  A scorpion zombie (D:7)
  A goblin zombie (D:3)
  An orc (D:9)
  A jackal zombie (D:6)
  A leopard gecko zombie (D:7)
  An orc skeleton (D:7)
  6 orc zombies
  A quokka zombie (D:4)
  6 fungi (D:9)
  11 plants (D:9)
34 creatures vanquished.

Grand Total: 287 creatures vanquished

Notes
Turn   | Place    | Note
-------+----------+-------------------------------------------
     0 | D:1      | P0NYSLAYSTATION the Hill Orc Fighter began the quest for the Orb.
     0 | D:1      | Reached XP level 1. HP: 19/19 MP: 1/1
    91 | D:1      | Reached XP level 2. HP: 27/27 MP: 2/2
   344 | D:4      | Reached XP level 3. HP: 22/33 MP: 3/3
   437 | D:5      | Entered Level 5 of the Dungeon
   437 | D:5      | Found a basalt altar of Yredelemnul.
   443 | D:5      | Became a worshipper of Yredelemnul the Dark
   465 | D:5      | Reached skill level 3 in Polearms
   465 | D:5      | Reached XP level 4. HP: 12/40 MP: 4/4
  1233 | D:1      | Reached * piety under Yredelemnul
  1256 | D:1      | Reached XP level 5. HP: 28/47 MP: 5/5
  1778 | D:2      | Found a deep blue altar of Sif Muna.
  1800 | D:2      | Found a shadowy altar of Dithmenos.
  1909 | D:2      | Reached skill level 1 in Invocations
  2432 | D:3      | Noticed Ijyb
  2467 | D:3      | Killed Ijyb
  2471 | D:3      | Reached skill level 4 in Polearms
  2495 | D:3      | Found a faded altar of an unknown god.
  2609 | D:3      | Reached XP level 6. HP: 53/53 MP: 7/7
  2631 | D:3      | Your ally Ijyb died
  2702 | D:3      | Reached ** piety under Yredelemnul
  2841 | D:4      | Found a stormy altar of Qazlal.
  3085 | D:4      | Reached skill level 5 in Polearms
  3211 | D:4      | Found a snail-covered altar of Cheibriados.
  3315 | D:5      | Reached XP level 7. HP: 60/60 MP: 8/8
  3403 | D:5      | Got a warped bronze ring
  3404 | D:5      | Identified the ring of Balulawn {*Tele Int+2} (You found it on level 5 of the Dungeon)
  3638 | D:5      | Found a staircase to the Ecumenical Temple.
  3644 | Temple   | Entered the Ecumenical Temple
  3807 | D:6      | Noticed Grinder
  3820 | D:6      | Paralysed by Grinder for 4 turns
  3822 | D:6      | Noticed Prince Ribbit
  3844 | D:5      | Paralysed by Grinder for 3 turns
  3848 | D:5      | Killed Grinder
  3848 | D:5      | Reached skill level 7 in Polearms
  3983 | D:6      | Noticed Blork the orc
  4393 | D:6      | Killed Blork the orc
  4393 | D:6      | Reached XP level 8. HP: 54/67 MP: 9/9
  4471 | D:6      | Found a sacrificial altar of Ru.
  4483 | D:6      | Killed Prince Ribbit
  4483 | D:6      | Reached skill level 8 in Polearms
  4658 | D:6      | Found a white marble altar of Elyvilon.
  4718 | D:7      | Found a shadowy altar of Dithmenos.
  4730 | D:7      | Reached skill level 9 in Polearms
  4731 | D:7      | Found a bloodstained altar of Trog.
  4758 | D:7      | Learned a level 2 spell: Song of Slaying
  4761 | D:7      | Learned a level 2 spell: Shroud of Golubria
  4784 | D:7      | Found a runed gate.
  4804 | D:7      | Found a shattered altar of Ashenzari.
  4807 | D:7      | Found a runed gate.
  4807 | D:7      | Found a runed gate.
  4814 | D:7      | Noticed philipeq's ghost (novice DsSu)
  4815 | D:7      | Found a roughly hewn altar of Beogh.
  5083 | D:7      | Reached skill level 10 in Polearms
  5341 | D:6      | Reached XP level 9. HP: 24/73 MP: 10/10
  5343 | D:6      | Got a translucent short sword {pierce}
  5343 | D:6      | Got a transparent chain mail
  5344 | D:6      | Identified the +3 short sword of Oqeuliwi {pierce, *Contam Dex+4} (You took it off an orc warrior on level 6 of the Dungeon)
  5346 | D:6      | Gained mutation: Your magical capacity is low. (-10% MP) [mutagenic glow]
  5358 | D:6      | Identified the +7 chain mail of Mezcal {*Contam rF- Str+3 Dex+7} (You took it off an orc warrior on level 6 of the Dungeon)
  5573 | D:7      | Reached *** piety under Yredelemnul
  5586 | D:7      | Killed philipeq's ghost
  5586 | D:7      | Reached skill level 11 in Polearms
  5951 | D:7      | Reached skill level 12 in Polearms
  5972 | D:8      | Noticed Erica
  6200 | D:8      | Found Hacir's Assorted Antiques.
  6219 | D:8      | Received a gift from Yredelemnul (a mummy)
  6249 | D:8      | Killed Erica
  6249 | D:8      | Reached skill level 13 in Polearms
  6249 | D:8      | Reached XP level 10. HP: 65/80 MP: 10/10
  6575 | D:9      | Received a gift from Yredelemnul (a wight)
  6597 | D:9      | Noticed a two-headed ogre
  6607 | D:9      | Killed a two-headed ogre
  6607 | D:9      | Reached skill level 14 in Polearms
  6639 | D:9      | Found a shadowy altar of Dithmenos.
  6693 | D:9      | Reached skill level 5 in Shields
  6767 | D:9      | Got an encrusted falchion
  6790 | D:9      | Found a staircase to the Lair.
  6810 | D:9      | Received a gift from Yredelemnul (a mummy)
  6838 | D:9      | Reached XP level 11. HP: 67/85 MP: 11/11
  6908 | D:9      | Reached **** piety under Yredelemnul
  6948 | D:9      | Found a staircase to the Orcish Mines.
  6963 | D:9      | Received a gift from Yredelemnul (5 flying skulls)
  6991 | D:9      | Found a roughly hewn altar of Beogh.
  7073 | D:9      | Found Una Guli's Distillery.
  7076 | D:9      | Bought a potion of berserk rage for 60 gold pieces
  7076 | D:9      | Bought a potion of heal wounds for 60 gold pieces
  7088 | D:9      | Reached skill level 10 in Shields
  7354 | D:10     | Entered Level 10 of the Dungeon
  7431 | D:10     | Noticed a white ugly thing
  7444 | D:10     | Killed a white ugly thing
  7616 | D:10     | Noticed Snorg
  7626 | D:10     | Killed Snorg
  7877 | D:11     | Noticed a cyclops
  7882 | D:11     | Noticed a cyclops
  7888 | D:11     | Killed a cyclops
  7896 | D:11     | Killed a cyclops
  7913 | D:11     | Noticed a two-headed ogre
  7914 | D:11     | Noticed a cyclops
  7916 | D:11     | Hit by a large rock thrown by a cyclops

Skill      XL: |  1  2  3  4  5  6  7  8  9 10 11 |
---------------+----------------------------------+-----
Fighting       | 4 |  4.9
Shields        | 4 9 11 | 11.9
Polearms       | 3 4 5 7 10 13 14 | 14.3
Armour         | 4 |  4.6
Invocations    | 1 |  1.9
Dodging        | |  0.9

Action                   |  1- 3 |  4- 6 |  7- 9 | 10-12 || total
-------------------------+-------+-------+-------+-------++-------
Melee: Trident           |    69 |   279 |   265 |   227 ||   840
Throw: Tomahawk          |       |       |       |     1 ||     1
Invok: Animate Remains   |       |     8 |     8 |       ||    16
       Injury Mirror     |       |       |     2 |     1 ||     3
       Animate Dead      |       |       |     3 |    10 ||    13
       Recall Undead Sla |       |       |       |     3 ||     3
Evoke: Wand              |       |       |     3 |     2 ||     5
  Use: Potion            |     1 |       |     6 |       ||     7
       Scroll            |       |     4 |    13 |     3 ||    20
 Stab: Distracted        |       |       |       |     2 ||     2
  Eat: Chunk             |       |     7 |     2 |     3 ||    12
       Ration            |       |     1 |     4 |     1 ||     6
Armor: Scale mail        |    19 |    92 |    53 |       ||   164
       Chain mail        |       |       |    54 |    63 ||   117
Dodge: Dodged            |    17 |    64 |    46 |    26 ||   153
Block: Shield            |    32 |   107 |   109 |    96 ||   344
